 Dungeon Crawl Stone Soup version 0.30.1-11-g7821555f0a (webtiles) character file.

Game seed: 17582747307882568917

122 Prynne the Trooper (level 4, 0/60 HPs)
             Began as a Draconian Berserker on Jan 3, 2024.
             Was a Follower of Trog.
             Slain by a gnoll
             ... wielding a +0 club
              (2 damage)
             ... on level 3 of the Dungeon.
             The game lasted 00:16:01 (1841 turns).

Prynne the Trooper (Draconian Berserker)            Turns: 1841, Time: 00:16:02

Health: 0/60       AC:  5    Str: 22    XL:     4   Next: 78%
Magic:  4/4        EV: 12    Int:  7    God:    Trog [*.....]
Gold:   119        SH:  0    Dex: 10    Spells: 3/3 levels left

rFire   . . .        a - +0 spear
rCold   . . .        (no shield)
rNeg    . . .        (body armour unavailable)
rPois   .            (helmet restricted)
rElec   .            (no cloak)
rCorr   .            (no gloves)
SInv    .            (no boots)
Will    .....        (no amulet) Stlth
                     (no ring)
HPRegen 0.30/turn    (no ring)
MPRegen 0.09/turn

%: no passive effects
@: berserking, very quick
A: AC +5, unfitting armour, cold-blooded
a: Renounce Religion, Berserk


You were on level 3 of the Dungeon.
You worshipped Trog.
Trog was aware of your devotion.
You visited 1 branch of the dungeon, and saw 3 of its levels.

You collected 119 gold pieces.

Inventory:

Hand Weapons
 a - a +0 spear (weapon)
 c - a +0 sling
Missiles
 b - 12 stones (quivered)
Armour
 f - a +0 chain mail
 k - a +0 leather armour
Jewellery
 j - a ring of willpower
Scrolls
 d - 5 scrolls of identify {unknown}
 e - a scroll of vulnerability {unknown}
 h - a scroll of blinking {unknown}
 i - a scroll of poison {unknown}


   Skills:
 + Level 4.1 Fighting
 + Level 4.0 Polearms
 + Level 1.2 Ranged Weapons
 + Level 3.5 Dodging


You had 3 spell levels left.
You didn't know any spells.
Your spell library contained the following spells:

 Spells                   Type           Power      Damage    Failure   Level
 Blink                    Tloc           0%         N/A       56%         2
 Lesser Beckoning         Tloc           0%         N/A       56%         2
 Momentum Strike          Conj/Tloc      0%         3d8       56%         2


Dungeon Overview and Level Annotations

Branches:
Dungeon (3/15)

Altars:


Innate Abilities, Weirdness & Mutations

Your plain brown scales are hard. (AC +5)
You cannot fit into any form of body armour.
You are cold-blooded and may be slowed by cold attacks.


Message History

The gnoll is heavily wounded.
You hear the slow rusting of a very distant drain.
The gnoll closely misses you.
You barely miss the gnoll.
The gnoll is heavily wounded.
The gnoll barely misses you.
You barely miss the gnoll.
The gnoll is heavily wounded.
The gnoll hits you but does no damage.
The gnoll hits you from afar with a +0 halberd.
You hit the gnoll. You tail-slap the gnoll.
The gnoll is severely wounded.
The gnoll closely misses you. x2
You closely miss the gnoll.
The gnoll is severely wounded.
The gnoll hits you with a +0 club. The gnoll closely misses you.
You hit the gnoll but do no damage.
You tail-slap the gnoll, but do no damage.
The gnoll is severely wounded.
The gnoll barely misses you. The gnoll completely misses you.
You hit the gnoll.
The gnoll is severely wounded.
The gnoll barely misses you.
The gnoll hits you from afar with a +0 halberd!
You hit the gnoll but do no damage. You tail-slap the gnoll.
You kill the gnoll!
Trog accepts your kill.
The gnoll hits you from afar with a +0 halberd.
You hit the gnoll.
You tail-slap the gnoll, but do no damage.
The gnoll is lightly wounded.
The gnoll hits you with a +0 club.
* * * LOW HITPOINT WARNING * * *
The gnoll hits you from afar with a +0 halberd!
* * * LOW HITPOINT WARNING * * *
It was a potion of berserk rage.
A red film seems to cover your vision as you go berserk!
You feel yourself moving faster!
You feel mighty! The gnoll hits you with a +0 club.
You die...

### # ###########.####
###...............
#######.#.#########.#^##
........#.............<.
#@#..########.#.##
#.###g#..#........#.##
#....g.........####.##
#####..........# #...
#..........# ####
#..........# #
...#..#.##### #
.##.#..#.# ## . #.#..#.#
.


You could see 2 gnolls.

Vanquished Creatures
  Natasha (thrice) (D:2)
  A gnoll (D:3)
  An adder (D:2)
  2 dart slugs (D:1)
  3 bats
  An endoplasm (D:1)
  2 giant cockroaches
  2 goblins (D:2)
  2 hobgoblins (D:2)
  2 jackals (D:1)
  A quokka (D:2)
  2 ball pythons (D:1)
  2 kobolds
  2 rats
26 creatures vanquished.

Notes
Turn   | Place    | Note
-------+----------+-------------------------------------------
     0 | D:1      | Prynne the Draconian Berserker began the quest for the Orb.
     0 | D:1      | Reached XP level 1. HP: 19/19 MP: 1/1
   415 | D:1      | Reached XP level 2. HP: 8/26 MP: 2/2
   955 | D:2      | Noticed Natasha
   963 | D:2      | Killed Natasha
   964 | D:2      | Reached XP level 3. HP: 19/33 MP: 3/3
  1088 | D:2      | Noticed Natasha
  1108 | D:2      | Killed Natasha
  1109 | D:2      | Reached skill level 1 in Ranged Weapons
  1109 | D:2      | Reached XP level 4. HP: 11/40 MP: 4/4
  1373 | D:2      | Noticed Natasha
  1394 | D:2      | Killed Natasha
  1840 | D:3      | HP: 1/40 [gnoll/+0 halberd (9)]
  1841 | D:3      | Slain by a gnoll

Illustrated notes

Levels and vault maps discovered:
D:1:      minmay_arrival_widening_spiral_wide, layout_basic, dk_noncrumbling_4,
          kennysheep_pointless_box, minmay_misc_feat_encased,
          minmay_crystal_room
D:2:      layout_basic, uniq_natasha
D:3:      layout_basic, marbit_many_paths, portal_sewer_entry_b,
          dreamdust_ecumenical_altar_angels_and_demons, minmay_lizard_king

Skill      XL: |  1  2  3  4 |
---------------+-------------+-----
Fighting       | 4 |  4.1
Dodging        | 3 |  3.5
Ranged Weapons | 1 |  1.2
Polearms       | 4 |  4.0

Action                     |  1- 3 |  4- 6 || total
---------------------------+-------+-------++-------
  Melee: Spear             |    62 |    56 ||   118
         Tailslap          |     6 |     8 ||    14
         Punch             |     1 |       ||     1
   Fire: Sling             |     8 |       ||     8
  Throw: Stone             |       |     7 ||     7
    Use: Potion            |     1 |     2 ||     3
 Armour: Skin              |    16 |    18 ||    34
  Dodge: Dodged            |    52 |    40 ||    92
